 Dungeon Crawl Stone Soup version 0.26-a0-812-g31a745ddcd (webtiles) character file.

Game seed: 17015711038471385667

11074 kae the Destroyer (level 11, -18/80 HPs)
             Began as an Octopode Conjurer on Nov 24, 2020.
             Was a Priest of Vehumet.
             Shot with a bolt by a tengu warrior (25 damage)
             ... on level 11 of the Dungeon.
             The game lasted 00:13:03 (17716 turns).

kae the Destroyer (Octopode Conjurer)              Turns: 17716, Time: 00:13:03

Health: -18/80     AC:  1    Str:  7    XL:     11   Next: 72%
Magic:  0/32       EV: 20    Int: 23    God:    Vehumet [***...]
Gold:   782        SH:  0    Dex: 11    Spells: 13/27 levels left

rFire    . . .     SeeInvis +   r - +4 quarterstaff (chaos)
rCold    . . .     Faith    .   (shield currently unavailable)
rNeg     . . .     Spirit   +   (helmet restricted)
rPois    .         Reflect  .   x - amulet of guardian spirit
rElec    .         Harm     .   j - +4 ring of evasion
rCorr    .         Rampage  .   o - ring of see invisible
MR       .....                  c - ring of magical power
Stlth    +++++.....             (no ring)
HPRegen  0.23/turn              (no ring)
MPRegen  0.23/turn              (no ring)
                                (no ring)
                                (no ring)

@: no status effects
A: almost no armour, stealthy swim, amphibious, 8 rings, constrict 8, camouflage
1, gelatinous body 1
a: Renounce Religion


You were on level 11 of the Dungeon.
You worshipped Vehumet.
Vehumet was most pleased with you.
You visited 2 branches of the dungeon, and saw 12 of its levels.

You collected 782 gold pieces.

Inventory:

Hand Weapons
 r - a +4 quarterstaff of chaos (weapon)
Jewellery
 c - a ring of magical power (on tentacle)
 i - an uncursed ring of wizardry {unknown}
 j - a +4 ring of evasion (left tentacle)
 o - a ring of see invisible (right tentacle)
 x - an amulet of guardian spirit (around mantle)
 A - an uncursed ring of ice
Wands
 d - a wand of flame (40)
 q - a wand of random effects (6)
 y - a wand of polymorph (3)
 z - a wand of disintegration (17)
Scrolls
 a - 5 scrolls of teleportation
 f - 8 scrolls of identify
 m - 3 scrolls of fear
 p - 9 scrolls of remove curse
 t - 2 scrolls of magic mapping
 u - 3 scrolls of fog
 w - 2 scrolls of enchant armour
Potions
 b - 6 potions of curing
 e - a potion of magic
 g - 3 potions of cancellation
 h - a potion of might
 k - a potion of mutation
 l - a potion of degeneration
 n - 2 potions of attraction
 s - a potion of ambrosia
 v - a potion of invisibility
 B - a potion of brilliance
 C - a potion of lignification


   Skills:
 * Level 9.2 Fighting
 + Level 6.7 Dodging
 + Level 9.4 Stealth
 * Level 8.8 Spellcasting
 * Level 10.0 Conjurations


You had 13 spell levels left.
You knew the following spells:

 Your Spells              Type           Power        Failure   Level
a - Magic Dart            Conj           ####         1%          1
b - Searing Ray           Conj           ######       1%          2
c - Dazzling Flash        Conj/Hex       ####..       1%          3
d - Fulminant Prism       Conj/Hex       ####......   2%          4
e - Iskenderun's Mystic   Conj/Tloc      ####....     2%          4

Your spell library contained the following spells:

 Spells                   Type           Power        Failure   Level
 Frozen Ramparts          Ice            ##....       5%          3
 Sandblast                Erth           ##....       1%          1
 Conjure Flame            Conj/Fire      ####....     1%          3
 Mephitic Cloud           Conj/Pois/Air  ####....     1%          3
 Ignite Poison            Fire/Tmut/Pois ##......     5%          3
 Sting                    Tmut/Pois      ##..         6%          1
 Blink                    Tloc           N/A          10%         2
 Call Imp                 Summ           ##......     10%         2
 Slow                     Hex            ##......     10%         2
 Spider Form              Tmut/Pois      ##........   19%         3
 Summon Guardian Golem    Hex/Summ       ##......     19%         3
 Yara's Violent Unravell  Hex/Tmut       ##........   41%         5
 Summon Forest            Summ/Tloc      ##........   87%         5


Dungeon Overview and Level Annotations

Branches:
Dungeon (11/15)            Temple (1/1) D:4            Lair (0/6) D:11
    Orc (0/2) D:9

Altars:
Ashenzari
Cheibriados
Dithmenos
Elyvilon
Fedhas
Gozag
Hepliaklqana
Kikubaaqudgha
Makhleb
Nemelex Xobeh
Okawaru
Qazlal
Ru
Sif Muna
Trog
Uskayaw
Vehumet
Wu Jian
Xom
Yredelemnul
Zin
The Shining One

Shops:
D:7 (


Innate Abilities, Weirdness & Mutations

You cannot wear most types of armour.
You are very stealthy in the water. (Stealth+)
You are amphibious.
You can wear up to eight rings at the same time.
You can use your tentacles to constrict eight enemies at once.
Your skin changes colour to match your surroundings (Stealth+).
Your rubbery body absorbs attacks. (AC +1, EV +1)


Message History

The tengu warrior shoots a bolt.
The bolt hits you!
The searing ray hits the tengu warrior!
The tengu warrior is heavily wounded.
The tengu warrior shoots a bolt.
The bolt hits you!!
The searing ray hits the tengu warrior!
The tengu warrior is heavily wounded.
You finish channeling your searing ray.
The tengu warrior shoots a bolt.
The bolt hits you!!
* * * LOW HITPOINT WARNING * * *
Casting: Searing Ray (safe; 1% risk of failure)
Confirm with . or Enter, or press ? or * to list all spells.
Aiming: Searing Ray (safe; 1% risk of failure)
Press: ? - help, Shift-Dir - straight line, f/p - tengu warrior
Aim: a tengu warrior, wielding a +0 arbalest, wearing a +0 ring mail and quivering 56 bolts (heavily wounded)
The searing ray hits the tengu warrior!
The tengu warrior is severely wounded. (Press . to maintain the ray.) Without enough magic to sustain it, your searing ray dissipates.
The tengu warrior shoots a bolt.
The bolt hits you!!
You die...

............................#....
#.#.............<...........#....
............................#####
..............................).(
...#...........#####.............
..#......####..# #..###........
.#..........#..# #.(# #........
...>........#..#####..##########.
............#..#@.....(...)).....
...##.......#..#.################
........#####..#.#.......
...............#(#.8.8..#
...............#.Q..8...#
.................#.8.8.^#
.#..#####+#......#.......
.#..#.....#..##..#.....l.
#..#.....#..##..#O###QC}


You could see a tengu warrior.

Vanquished Creatures
  A death yak (D:10)
  A tengu warrior (D:11)
  2 unseen horrors (D:11)
  A cyclops (D:11)
  A manticore (D:11)
  A centaur zombie (D:11)
  A centaur skeleton (D:11)
  3 trolls
  Prince Ribbit (D:6)
  A hornet (D:11)
  A shadow (D:11)
  Sigmund (D:4)
  A wraith (D:11)
  4 yaks (D:11)
  Eustachio (D:6)
  A steam dragon (D:9)
  2 water moccasins (D:11)
  Duvessa (D:6)
  7 orc warriors
  4 ice beasts
  A necrophage (D:9)
  A phantom (D:9)
  8 ogres
  4 centaurs
  3 big kobolds (D:9)
  Blork the orc (D:5)
  5 bullfrogs
  A gnoll sergeant (D:9)
  Dowan (D:6)
  2 scorpions
  3 killer bees (D:11)
  2 howler monkeys
  4 hounds
  2 bullfrog zombies
  A bullfrog skeleton (D:2)
  5 jellies
  Crazy Yiuf (D:4)
  6 orc priests
  11 orc wizards
  2 iguanas
  11 worker ants
  A killer bee zombie (D:7)
  A hound zombie (D:7)
  A worker ant zombie (D:11)
  Robin (D:2)
  6 gnolls
  12 adders
  A shadow imp (D:7)
  3 white imps
  2 ufetubi (D:8)
  2 oozes
  An adder skeleton (D:4)
  An adder zombie (D:6)
  2 worms (D:3)
  3 dart slugs
  3 leopard geckos
  40 orcs
  11 bats
  7 giant cockroaches
  2 gnoll zombies (D:4)
  14 goblins
  12 hobgoblins
  8 jackals
  15 kobolds
  5 quokkas
  4 ball pythons
  5 frilled lizards
  A leopard gecko zombie (D:6)
  7 rats
282 creatures vanquished.

Vanquished Creatures (others)
  2 fulminant prisms
2 creatures vanquished.

Grand Total: 284 creatures vanquished

Notes
Turn   | Place    | Note
-------+----------+-------------------------------------------
     0 | D:1      | kae the Octopode Conjurer began the quest for the Orb.
     0 | D:1      | Reached XP level 1. HP: 11/11 MP: 3/3
   171 | D:1      | Reached XP level 2. HP: 12/18 MP: 0/5
   786 | D:1      | Reached skill level 1 in Fighting
  1041 | D:1      | Reached XP level 3. HP: 21/23 MP: 0/6
  1446 | D:2      | Found an opulent altar of Gozag.
  1469 | D:2      | Identified the +0 helmet of Supple Strength {+Fly rC- rCorr
                  | Slay+6}
  1469 | D:2      | Noticed Robin
  1539 | D:2      | Killed Robin
  1544 | D:2      | Reached XP level 4. HP: 12/28 MP: 0/7
  2353 | D:2      | Reached XP level 5. HP: 34/34 MP: 7/9
  2656 | D:2      | Learned a level 2 spell: Searing Ray
  2660 | D:2      | Learned a level 3 spell: Dazzling Flash
  3216 | D:3      | Reached XP level 6. HP: 33/41 MP: 2/10
  4117 | D:3      | Found a white marble altar of Elyvilon.
  4623 | D:4      | Noticed Sigmund
  4631 | D:4      | Killed Sigmund
  4631 | D:4      | Reached skill level 5 in Conjurations
  4631 | D:4      | Reached XP level 7. HP: 37/46 MP: 1/12
  4895 | D:4      | Found a blossoming altar of Fedhas.
  5265 | D:4      | Found a stormy altar of Qazlal.
  5665 | D:4      | Found a basalt altar of Yredelemnul.
  5729 | D:4      | Found a runed translucent door.
  5730 | D:4      | Noticed Crazy Yiuf
  5832 | D:4      | Found a staircase to the Ecumenical Temple.
  5981 | Temple   | Entered the Ecumenical Temple
  6198 | Temple   | Became a worshipper of Vehumet
  6294 | D:4      | Killed Crazy Yiuf
  6350 | D:5      | Entered Level 5 of the Dungeon
  6625 | D:5      | Found a bloodstained altar of Trog.
  6665 | D:5      | Noticed Blork the orc
  6670 | D:5      | Reached skill level 5 in Stealth
  6670 | D:5      | Reached XP level 8. HP: 49/54 MP: 9/14
  6693 | D:5      | Killed Blork the orc
  6830 | D:5      | Reached skill level 6 in Conjurations
  7016 | D:5      | Found a snail-covered altar of Cheibriados.
  7022 | D:5      | Learned a level 4 spell: Fulminant Prism
  7027 | D:5      | Learned a level 4 spell: Iskenderun's Mystic Blast
  7156 | D:5      | Found a shimmering blue altar of Sif Muna.
  7235 | D:5      | Identified Sif Muna's Volume of the Rocks
  7579 | D:6      | Noticed Eustachio
  7587 | D:6      | Found a burning altar of Makhleb.
  7729 | D:6      | Noticed Duvessa
  7731 | D:6      | Noticed Dowan
  7748 | D:6      | Killed Duvessa
  7748 | D:6      | Reached skill level 5 in Fighting
  7748 | D:6      | Reached skill level 5 in Spellcasting
  8497 | D:6      | Noticed Prince Ribbit
  8505 | D:6      | Killed Prince Ribbit
  8759 | D:6      | Killed Dowan
  8888 | D:6      | Killed Eustachio
  8888 | D:6      | Reached XP level 9. HP: 61/61 MP: 17/17
  9083 | D:7      | Reached skill level 7 in Conjurations
  9702 | D:7      | Reached * piety under Vehumet
  9702 | D:7      | Offered knowledge of Freeze by Vehumet.
  9795 | D:7      | Found Wuc Quf's Antique Weapon Shop.
 11056 | D:8      | Found a hide-covered altar of Uskayaw.
 11267 | D:8      | Identified the Guide on Shifting Summoning
 11290 | D:8      | Found a sacrificial altar of Ru.
 11329 | D:8      | Offered knowledge of Shock by Vehumet.
 11476 | D:8      | Reached ** piety under Vehumet
 11476 | D:8      | Reached skill level 5 in Dodging
 11633 | D:8      | Found a shadowy altar of Dithmenos.
 12329 | D:9      | Reached XP level 10. HP: 62/69 MP: 19/19
 12410 | D:9      | Reached skill level 8 in Conjurations
 12451 | D:9      | Found a staircase to the Orcish Mines.
 12478 | D:9      | Offered knowledge of Static Discharge by Vehumet.
 12715 | D:9      | Reached *** piety under Vehumet
 13374 | D:9      | Found a glowing golden altar of the Shining One.
 13415 | D:10     | Entered Level 10 of the Dungeon
 14680 | D:11     | Reached skill level 9 in Conjurations
 14835 | D:11     | Reached XP level 11. HP: 65/77 MP: 22/22
 14837 | D:11     | Noticed a death yak
 14838 | D:11     | Noticed a death yak
 14840 | D:11     | Found a staircase to the Lair.
 14841 | D:11     | Noticed a death yak
 15469 | D:10     | Killed a death yak
 16107 | D:11     | Noticed an unseen horror
 16115 | D:11     | Killed an unseen horror
 16134 | D:11     | Noticed a manticore
 16151 | D:11     | Killed a manticore
 16721 | D:11     | Noticed an unseen horror
 16741 | D:11     | Killed an unseen horror
 17145 | D:11     | Offered knowledge of Frozen Ramparts by Vehumet.
 17337 | D:11     | Noticed a cyclops
 17337 | D:11     | Noticed a tengu warrior
 17337 | D:11     | Noticed a tengu warrior
 17363 | D:11     | Killed a tengu warrior
 17548 | D:11     | Noticed a cyclops
 17562 | D:11     | Killed a cyclops
 17562 | D:11     | Reached skill level 10 in Conjurations
 17716 | D:11     | Shot with a bolt by a tengu warrior

Illustrated notes

Levels and vault maps discovered:
D:1:      psy_arrival_whirlpool, layout_loops_ring, minmay_cupped
D:2:      layout_loops_ring, grunt_gozag_breadcrumbs, uniq_robin
D:3:      layout_rooms, lemuel_crystal_altar, minivault_5,
          kennysheep_generic_room_16
D:4:      layout_cave_pools, kennysheep_mini_moat, fedhas_altar_2,
          lemuel_zombie_altar_yredelemnul, minmay_temple_entry_nine_rooms,
          uniq_sigmund, uniq_crazy_yiuf_cottage
D:5:      layout_basic, bloody_trog, overflow_temple_1_default, led_sif_book,
          uniq_blork_the_orc
D:6:      layout_basic, lemuel_crystal_altar, minmay_fountain_box,
          uniq_prince_ribbit1, uniq_eustachio, uniq_duvessa
D:7:      layout_basic, serial_shops, nicolae_shop_statue_plus, minivault_5
D:8:      layout_loops_ring, nicolae_dithmenos_through_a_glass_darkly,
          lemuel_crystal_altar, kennysheep_little_box
D:9:      layout_roguey, kennysheep_orc_monster_closet_entryway, tso_altar
D:10:     layout_long_grid
D:11:     layout_irregular_city, dpeg_lair_monsters,
          minmay_the_grid_square_5x5_3x3_mashed
          [minmay_the_grid_square_5x5_seven, minmay_the_grid_square_5x5_inner_i,
          minmay_the_grid_square_5x5_shrine1, minmay_the_grid_square_5x5_mess,
          minmay_the_grid_square_5x5_megaprize_open,
          minmay_the_grid_square_5x5_spiral,
          minmay_the_grid_square_5x5_trominoes, minmay_the_grid_square_5x5_bite,
          minmay_the_grid_square_5x5_empty]
Temple:   minmay_temple_curvy_loop

Skill      XL: |  1  2  3  4  5  6  7  8  9 10 11 |
---------------+----------------------------------+-----
Fighting       | 1 2 3 4 5 6 8 9 |  9.2
Stealth        | 3 4 5 6 7 8 9 |  9.4
Spellcasting   | 3 4 5 6 7 8 |  8.8
Dodging        | 3 4 5 6 |  6.7
Conjurations   | 5 6 7 9 10 | 10.0

Action                   |  1- 3 |  4- 6 |  7- 9 | 10-12 || total
-------------------------+-------+-------+-------+-------++-------
Melee: Unarmed           |    43 |    46 |     9 |       ||    98
       Constrict         |     6 |    14 |    10 |     3 ||    33
       Tentacles         |     6 |     5 |     9 |     7 ||    27
       Quarterstaff      |       |       |    39 |    40 ||    79
 Cast: Magic Dart        |    56 |    98 |   282 |   122 ||   558
       Searing Ray       |       |     4 |    39 |    50 ||    93
       Fulminant Prism   |       |       |     1 |     1 ||     2
       Iskenderun's Myst |       |       |       |     7 ||     7
  Use: Potion            |     1 |     2 |       |     7 ||    10
       Scroll            |     4 |     7 |    12 |     4 ||    27
 Stab: Sleeping          |     1 |     1 |       |     1 ||     3
Armor: Skin              |    10 |     4 |     5 |     4 ||    23
Dodge: Dodged            |    43 |    63 |   168 |   150 ||   424

Table legend: (Time is in decaauts)
 A = Elapsed time spent in this place.
 B = Non-inter-level travel time spent in this place.
 C = Inter-level travel time spent in this place.
 D = Time resting spent in this place.
 E = Time spent auto-exploring this place.
 F = Levels seen in this place.
 G = Mean time per level.
                   A        B        C        D        E       F      G
               +--------+--------+--------+--------+--------+-----+--------+
         Total |  17766 |  17259 |    507 |   2427 |  12649 |  12 | 1480.5 |
       Dungeon |  17515 |  17060 |    455 |   2427 |  12452 |  11 | 1592.3 |
        Temple |    250 |    198 |     52 |      0 |    197 |   1 |  250.0 |
               +--------+--------+--------+--------+--------+-----+--------+

Top non-repeatable levels by time:
     D:2: 2225 daAuts
    D:10: 2065 daAuts
    D:11: 2044 daAuts
     D:7: 1726 daAuts
     D:9: 1691 daAuts
     D:6: 1408 daAuts
     D:4: 1396 daAuts
     D:1: 1310 daAuts
     D:8: 1276 daAuts
     D:3: 1190 daAuts
     D:5: 1180 daAuts
  Temple: 250 daAuts
